 Dungeon Crawl Stone Soup version 0.12.2-6-g2b2ad49 (webtiles) character file.

234 Bogabada the Chopper (level 4, -5/35 HPs)
             Began as a Draconian Wanderer on June 17, 2013.
             Slain by an iguana (10 damage)
             ... on Level 3 of the Dungeon.
             The game lasted 00:07:18 (1843 turns).

Bogabada the Chopper (Draconian Wanderer)           Turns: 1843, Time: 00:07:18

HP  -5/35        AC  5     Str 17      XL: 4   Next: 61%
MP   4/4         EV 12     Int 13      God:
Gold 124         SH  0     Dex  8      Spells:  0 memorised,  3 levels left

Res.Fire  : . . .   See Invis. : +   a - +1,+2 hand axe {=f}
Res.Cold  : . . .   Warding    : .   (armour unavailable)
Life Prot.: . . .   Conserve   : .   (no shield)
Res.Poison: .       Res.Corr.  : .   (helmet restricted)
Res.Elec. : .       Clarity    : .   (no cloak)
Sust.Abil.: . .     Spirit.Shd : .   (no gloves)
Res.Mut.  : .       Stasis     : .   (no boots)
Res.Rott. : .       Ctrl.Telep.: .   (no amulet)
Saprovore : . . .   Flight     : .   (no ring)
                                     b - ring of see invisible {unknown}

@: slightly resistant to hostile enchantments, unstealthy
A: unfitting armour, AC +5
a: no special abilities


You were on level 3 of the Dungeon.
You were not hungry.

You visited 1 branch of the dungeon, and saw 3 of its levels.

You collected 74 gold pieces.

Inventory:

Hand weapons
 a - a +1,+2 hand axe (weapon) {=f}
 j - a +2,+3 dwarven hand axe (quivered)
Missiles
 e - 41 bolts
Comestibles
 f - a meat ration
 n - a sausage
Scrolls
 d - a scroll of remove curse {unknown}
 g - a scroll of teleportation {unknown}
 k - a scroll of fear {unknown}
 l - a scroll of magic mapping {unknown}
Jewellery
 b - a ring of see invisible (left hand) {unknown}
 c - an uncursed ring of poison resistance {unknown}
Potions
 h - a potion of resistance {unknown}
 i - a potion of agility {unknown}
 m - a potion of might {unknown}
 o - a potion of slowing {unknown}


   Skills:
 + Level 3.0 Fighting
 + Level 3.1 Axes
   Level 1.0 Polearms
 + Level 1.0 Throwing
 + Level 3.1 Dodging
 + Level 1.2 Stealth
 + Level 0.8 Stabbing
   Level 1.0 Evocations


You had 3 spell levels left.
You didn't know any spells.

Dungeon Overview and Level Annotations

Branches:
Dungeon (3/27)

Altars:
Vehumet


Message History

You see here a giant newt corpse.
HP restored.
An iguana and a rat come into view.
The iguana hisses angrily.
The iguana bites you.
Found a scroll labeled NYR TARUKUATO.
You hit the iguana but do no damage.
Your tail-slap misses the iguana.
The iguana bites you!
You barely miss the iguana. The iguana closely misses you.
You closely miss the iguana. The iguana completely misses you.
You barely miss the iguana. The iguana closely misses you.
The rat bites you but does no damage. The rat closely misses you.
You hit the iguana but do no damage. The iguana barely misses you.
You barely miss the iguana. The iguana bites you!
* * * LOW HITPOINT WARNING * * *
You hit the iguana.
The iguana is lightly wounded.
The iguana bites you!
You die...

#......#### #.##%#.##.#
#.##...##.####
#.####.##....#
#).....##.##.#######
##########..##.#......#.#
....... #........###.#.#
.......###..####..###.#.#
#.......rl@...(..........##
#........###..##.#.......(#
#........# ......##.......#
........# ##.#######.###.#
.......## ..............
.?..... ...............
...### #######%.....# ..
#.####.# ###.# #.#


You could see an iguana and a rat.

Vanquished Creatures
  3 adders (D:2)
  A giant mite (D:2)
  An inept feature mimic (D:2)
  A worm (D:3)
  3 giant geckos
  A goblin (D:2)
  7 hobgoblins
  7 jackals (D:2)
  3 ball pythons
  8 bats
  3 giant cockroaches
  9 giant newts
  7 kobolds
  2 quokkas (D:2)
  8 rats
64 creatures vanquished.

Notes
Turn   | Place    | Note
--------------------------------------------------------------
     0 | D:1      | Bogabada, the Draconian Wanderer, began the quest for the Orb.
     0 | D:1      | Reached XP level 1. HP: 15/15 MP: 1/1
   224 | D:1      | Reached XP level 2. HP: 22/22 MP: 2/2
   654 | D:1      | Reached XP level 3. HP: 28/28 MP: 3/3
  1314 | D:2      | Found a radiant altar of Vehumet.
  1355 | D:2      | Reached XP level 4. HP: 32/35 MP: 4/4
  1366 | D:2      | Reached skill level 3 in Axes
  1843 | D:3      | Slain by an iguana

Action                   |  1- 3 |  4- 6 || total
-------------------------+-------+-------++-------
Melee: Hand axe          |   123 |    46 ||   169
  Use: Scroll            |     1 |       ||     1
 Stab: Sleeping          |     3 |     1 ||     4
